General information
- name: BNet
- type: Ladder team game (AT/RT)
- host: Battle.net
- saver: BEAR_AND
map: Avalanche
- players: 4
- length: 40:47
- speed: Fast
- version: 1.21 W3XP
- replay type:

» download(186 KB)
Players
team 1 (loser)
I-Hunt-Blademas (
red | 40 APM | 1649 actions | 40:45)
3 Archmage
2 Blizzard
1 Brilliance Aura
2 Blood Mage
1 Banish
1 Flame Strike
» actions
| Assign group hotkey | 28 | |
| Build / train | 82 | |
| Enter build submenu | 27 | |
| Enter hero's abilities submenu | 6 | |
| Remove unit from queue | 2 | |
| Right click | 831 | |
| Select / deselect | 391 | |
| Select group hotkey | 172 | |
| Use ability | 110 | |
1649 total
» units
| Peasant | 12 | |
| Sorceress | 15 | |
| Siege Engine | 1 | |
| Flying Machine | 2 | |
| Gryphon Rider | 5 | |
| Dragonhawk Rider | 1 | |
36 total
» upgrades
| Magic Sentry | 1 | |
| Sorceress Training | 2 | |
| Masonry | 1 | |
| Lumber Harvesting | 2 | |
| Barrage | 1 | |
| Fragmentation Shards | 1 | |
| Flare | 1 | |
| Swords | 3 | |
| Armor | 3 | |
| Animal War Training | 1 | |
| Storm Hammers | 1 | |
| Cloud | 1 | |
18 total
» buildings
| Altar of Kings | 1 | |
| Scout Tower | 4 | |
| Farm | 11 | |
| Arcane Tower | 5 | |
| Keep | 3 | |
| Arcane Vault | 1 | |
| Lumber Mill | 1 | |
| Blacksmith | 1 | |
| Arcane Sanctum | 2 | |
| Guard Tower | 2 | |
| Castle | 1 | |
| Workshop | 1 | |
| Gryphon Aviary | 2 | |
| Barracks | 1 | |
| Town Hall | 1 | |
37 total
» build order
00:14 Altar of Kings
00:21 Scout Tower
00:30 Farm
00:51 Arcane Tower
02:08 Keep
02:08 Keep
02:08 Keep
03:16 Arcane Vault
03:19 Farm
03:38 Lumber Mill
04:14 Blacksmith
04:19 Farm
04:35 Arcane Sanctum
06:09 Arcane Sanctum
06:27 Guard Tower
07:07 Farm
07:32 Scout Tower
08:54 Castle
09:03 Arcane Tower
09:31 Farm
09:35 Scout Tower
11:09 Arcane Tower
11:10 Arcane Tower
11:28 Guard Tower
12:10 Workshop
12:17 Farm
15:07 Farm
15:08 Farm
17:15 Gryphon Aviary
17:23 Gryphon Aviary
17:27 Barracks
18:55 Farm
18:59 Scout Tower
20:29 Farm
20:33 Arcane Tower
25:09 Farm
27:14 Town Hall
» items
| Ivory Tower | 6 | |
| Scroll of Regeneration | 1 | |
7 total
ZeHgStEaM (
orange | 53 APM | 2152 actions | 40:15)
4 Blademaster
2 Wind Walk
2 Critical Strike
» actions
| Assign group hotkey | 51 | |
| Build / train | 96 | |
| ESC pressed | 1 | |
| Enter build submenu | 19 | |
| Enter hero's abilities submenu | 5 | |
| Remove unit from queue | 1 | |
| Right click | 729 | |
| Select / deselect | 694 | |
| Select group hotkey | 440 | |
| Use ability | 116 | |
2152 total
» units
| Peon | 23 | |
| Wind Rider | 5 | |
| Troll Batrider | 25 | |
| Raider | 15 | |
68 total
» upgrades
| Spiked Barricades | 1 | |
| Envenomed Spears | 1 | |
| Liquid Fire | 1 | |
| Reinforced Defenses | 1 | |
| Ranged Weapons | 3 | |
| Armor | 3 | |
| Ensnare | 1 | |
| Melee Weapons | 3 | |
14 total
» buildings
| Orc Burrow | 6 | |
| Altar of Storms | 1 | |
| War Mill | 1 | |
| Watch Tower | 4 | |
| Voodoo Lounge | 1 | |
| Stronghold | 1 | |
| Beastiary | 2 | |
| Fortress | 1 | |
| Great Hall | 3 | |
20 total
» build order
00:06 Orc Burrow
00:09 Altar of Storms
01:03 War Mill
01:38 Orc Burrow
02:21 Watch Tower
02:24 Watch Tower
02:37 Voodoo Lounge
03:35 Watch Tower
03:36 Stronghold
04:09 Orc Burrow
05:11 Orc Burrow
05:58 Beastiary
06:00 Beastiary
06:06 Fortress
06:08 Watch Tower
12:16 Orc Burrow
12:19 Orc Burrow
21:30 Great Hall
22:30 Great Hall
22:59 Great Hall
» items
| Healing Salve | 3 | |
| Lesser Clarity Potion | 2 | |
| Potion of Healing | 1 | |
6 total
team 2 (winner)
BEAR_AND (
green | 83 APM | 3384 actions | 40:47)
7 Blademaster
3 Wind Walk
3 Critical Strike
1 Bladestorm
5 Tauren Chieftain
3 Shockwave
2 Endurance Aura
» actions
| Assign group hotkey | 11 | |
| Basic commands | 1 | |
| Build / train | 82 | |
| Enter build submenu | 57 | |
| Enter hero's abilities submenu | 14 | |
| Give item / drop item | 14 | |
| Remove unit from queue | 7 | |
| Right click | 2020 | |
| Select / deselect | 397 | |
| Select group hotkey | 550 | |
| Use ability | 231 | |
3384 total
» units
| Peon | 18 | |
| Raider | -1 | |
| Troll Batrider | 16 | |
33 total
» upgrades
| Spiked Barricades | 1 | |
| Ensnare | 1 | |
| Liquid Fire | 1 | |
| Reinforced Defenses | 1 | |
| Ranged Weapons | 0 | |
| Armor | 2 | |
6 total
» buildings
| Altar of Storms | 1 | |
| Orc Burrow | 4 | |
| War Mill | 1 | |
| Voodoo Lounge | 2 | |
| Watch Tower | 75 | |
| Stronghold | 1 | |
| Beastiary | 2 | |
| Fortress | 1 | |
| Great Hall | 1 | |
88 total
» build order
00:06 Altar of Storms
00:17 Orc Burrow
00:32 War Mill
01:15 Voodoo Lounge
01:53 Watch Tower
02:16 Watch Tower
02:31 Orc Burrow
02:44 Watch Tower
03:36 Stronghold
03:44 Watch Tower
04:32 Watch Tower
05:28 Watch Tower
06:00 Beastiary
06:02 Beastiary
06:49 Watch Tower
06:50 Watch Tower
07:14 Fortress
07:33 Orc Burrow
07:58 Orc Burrow
09:22 Watch Tower
09:24 Watch Tower
11:14 Watch Tower
11:15 Watch Tower
11:17 Watch Tower
12:21 Watch Tower
13:48 Watch Tower
13:49 Watch Tower
13:51 Watch Tower
13:52 Watch Tower
13:53 Watch Tower
18:54 Watch Tower
18:55 Watch Tower
18:55 Watch Tower
18:56 Watch Tower
21:11 Great Hall
21:16 Watch Tower
21:17 Watch Tower
21:17 Watch Tower
21:18 Watch Tower
21:18 Watch Tower
21:19 Watch Tower
21:20 Watch Tower
21:21 Watch Tower
21:23 Watch Tower
21:23 Watch Tower
21:24 Watch Tower
21:25 Watch Tower
21:26 Watch Tower
21:27 Watch Tower
21:28 Watch Tower
22:28 Watch Tower
22:29 Watch Tower
23:59 Watch Tower
24:39 Watch Tower
24:41 Watch Tower
24:44 Watch Tower
25:08 Watch Tower
25:10 Watch Tower
25:14 Watch Tower
25:48 Watch Tower
25:49 Watch Tower
27:01 Watch Tower
27:02 Watch Tower
27:05 Voodoo Lounge
27:39 Watch Tower
27:40 Watch Tower
27:40 Watch Tower
27:41 Watch Tower
27:43 Watch Tower
28:52 Watch Tower
28:53 Watch Tower
28:56 Watch Tower
28:57 Watch Tower
34:29 Watch Tower
34:30 Watch Tower
34:30 Watch Tower
34:32 Watch Tower
34:32 Watch Tower
34:33 Watch Tower
34:34 Watch Tower
34:34 Watch Tower
34:36 Watch Tower
34:37 Watch Tower
34:38 Watch Tower
34:40 Watch Tower
34:40 Watch Tower
34:41 Watch Tower
34:42 Watch Tower
» items
| Healing Salve | 5 | |
| Lesser Clarity Potion | 8 | |
| Orb of Lightning | 2 | |
| Staff of Sanctuary | 1 | |
| Potion of Mana | 1 | |
17 total
dirtmcwordup (
pink | 81 APM | 3308 actions | 40:45)
4 Archmage
2 Blizzard
2 Brilliance Aura
3 Mountain King
1 Storm Bolt
2 Thunder Clap
4 Goblin Tinker
1 Cluster Rockets
3 Engineering Upgrade
» actions
| Assign group hotkey | 11 | |
| Basic commands | 29 | |
| Build / train | 145 | |
| ESC pressed | 5 | |
| Enter build submenu | 99 | |
| Enter hero's abilities submenu | 11 | |
| Give item / drop item | 2 | |
| Right click | 1377 | |
| Select / deselect | 347 | |
| Select group hotkey | 992 | |
| Use ability | 289 | |
3308 total
» units
» upgrades
| Masonry | 3 | |
| Lumber Harvesting | 2 | |
| Magic Sentry | 1 | |
| Swords | 3 | |
| Armor | 2 | |
| Gunpowder | 2 | |
| Plating | 2 | |
| Cloud | 1 | |
| Storm Hammers | 1 | |
| Backpack | 1 | |
| Sorceress Training | 2 | |
| Priest Training | 2 | |
| Control Magic | 1 | |
| Long Rifles | 1 | |
| Animal War Training | 1 | |
| Defend | 1 | |
| Flak Cannons | 1 | |
| Flying Machine Bombs | 1 | |
| Flare | 1 | |
| Barrage | 1 | |
| Fragmentation Shards | 1 | |
31 total
» buildings
| Altar of Kings | 1 | |
| Farm | 5 | |
| Lumber Mill | 2 | |
| Scout Tower | 111 | |
| Arcane Tower | 3 | |
| Guard Tower | 47 | |
| Blacksmith | 1 | |
| Keep | 1 | |
| Arcane Sanctum | 1 | |
| Town Hall | 5 | |
| Castle | 1 | |
| Gryphon Aviary | 1 | |
| Arcane Vault | 1 | |
| Barracks | 1 | |
| Workshop | 7 | |
188 total
» build order
00:07 Altar of Kings
00:11 Farm
00:13 Lumber Mill
01:13 Scout Tower
01:31 Scout Tower
01:43 Scout Tower
01:44 Arcane Tower
01:54 Farm
02:02 Farm
02:05 Guard Tower
02:16 Guard Tower
02:17 Scout Tower
02:49 Guard Tower
02:51 Scout Tower
02:52 Scout Tower
03:12 Scout Tower
03:19 Scout Tower
03:21 Scout Tower
03:26 Scout Tower
03:41 Guard Tower
04:01 Farm
04:05 Guard Tower
04:08 Scout Tower
04:12 Guard Tower
04:40 Guard Tower
05:02 Scout Tower
05:53 Scout Tower
05:54 Scout Tower
05:54 Scout Tower
06:00 Blacksmith
06:02 Keep
06:04 Guard Tower
06:28 Guard Tower
06:34 Scout Tower
06:47 Farm
06:56 Scout Tower
07:01 Scout Tower
07:02 Scout Tower
07:05 Scout Tower
07:12 Guard Tower
07:27 Guard Tower
07:31 Scout Tower
07:44 Scout Tower
07:46 Scout Tower
07:50 Scout Tower
07:53 Scout Tower
07:56 Scout Tower
08:01 Guard Tower
08:26 Arcane Sanctum
08:38 Scout Tower
09:16 Arcane Tower
09:26 Town Hall
09:43 Scout Tower
09:45 Scout Tower
09:52 Guard Tower
09:54 Castle
10:27 Guard Tower
10:29 Guard Tower
11:38 Gryphon Aviary
11:53 Town Hall
11:57 Scout Tower
11:58 Scout Tower
11:59 Scout Tower
12:00 Scout Tower
12:01 Scout Tower
12:13 Scout Tower
12:13 Scout Tower
12:35 Town Hall
13:10 Guard Tower
13:12 Guard Tower
13:27 Guard Tower
13:30 Guard Tower
13:41 Guard Tower
14:45 Scout Tower
14:46 Scout Tower
14:46 Scout Tower
14:47 Scout Tower
14:48 Scout Tower
14:49 Scout Tower
14:50 Scout Tower
14:51 Scout Tower
14:51 Scout Tower
14:52 Scout Tower
14:57 Scout Tower
14:57 Scout Tower
14:58 Scout Tower
14:59 Scout Tower
15:01 Scout Tower
15:02 Scout Tower
15:02 Scout Tower
15:03 Scout Tower
15:38 Guard Tower
15:41 Guard Tower
15:53 Arcane Vault
15:57 Scout Tower
16:01 Scout Tower
16:01 Scout Tower
16:02 Scout Tower
16:03 Scout Tower
16:03 Scout Tower
16:04 Scout Tower
16:07 Scout Tower
17:15 Scout Tower
17:16 Scout Tower
17:17 Scout Tower
17:18 Scout Tower
17:21 Guard Tower
18:03 Guard Tower
18:24 Lumber Mill
18:26 Guard Tower
18:33 Guard Tower
18:54 Guard Tower
19:06 Guard Tower
19:06 Guard Tower
19:06 Guard Tower
19:16 Scout Tower
19:18 Scout Tower
19:29 Scout Tower
19:30 Scout Tower
20:18 Guard Tower
20:24 Guard Tower
20:37 Scout Tower
21:17 Arcane Tower
21:23 Scout Tower
21:25 Scout Tower
21:27 Scout Tower
22:32 Scout Tower
22:33 Scout Tower
22:58 Guard Tower
23:03 Scout Tower
23:04 Scout Tower
23:47 Guard Tower
23:59 Guard Tower
25:00 Scout Tower
25:01 Scout Tower
25:02 Scout Tower
25:03 Scout Tower
25:04 Scout Tower
25:10 Guard Tower
27:14 Guard Tower
27:24 Barracks
28:27 Scout Tower
28:28 Scout Tower
28:29 Scout Tower
28:30 Scout Tower
28:31 Scout Tower
28:37 Workshop
28:41 Scout Tower
28:42 Scout Tower
28:47 Guard Tower
29:01 Scout Tower
29:01 Scout Tower
29:10 Guard Tower
29:19 Scout Tower
29:20 Scout Tower
29:22 Scout Tower
29:22 Scout Tower
29:24 Scout Tower
29:25 Scout Tower
29:29 Guard Tower
29:37 Guard Tower
29:49 Guard Tower
30:17 Guard Tower
30:46 Guard Tower
31:46 Town Hall
33:11 Town Hall
33:13 Scout Tower
33:14 Scout Tower
33:15 Scout Tower
33:15 Scout Tower
33:17 Scout Tower
33:17 Scout Tower
33:18 Scout Tower
33:22 Scout Tower
33:23 Scout Tower
33:25 Scout Tower
33:25 Scout Tower
33:26 Scout Tower
33:26 Scout Tower
34:49 Guard Tower
36:39 Guard Tower
40:35 Workshop
40:36 Workshop
40:39 Workshop
40:42 Workshop
40:43 Workshop
40:45 Workshop
» items
| Scroll of Town Portal | 3 | |
| Staff of Sanctuary | 3 | |
| Orb of Lightning | 2 | |
| Potion of Healing | 5 | |
| Healing Salve | 1 | |
| Potion of Mana | 3 | |
17 total
Chat log
(01:28 / All) dirtmcwordup: gl hf...
(01:30 / All) ZeHgStEaM: gl
(01:31 / All) BEAR_AND: from
(01:44 / All) ZeHgStEaM: hm?
(01:48 / All) BEAR_AND: FROM?
(01:54 / All) ZeHgStEaM: durham nc
(01:57 / All) ZeHgStEaM: u?
(01:58 / All) BEAR_AND: hahahahah nc
(01:59 / All) BEAR_AND: redneck
(02:01 / All) dirtmcwordup: charlotte
(02:09 / All) dirtmcwordup: nah jk lmfao
(03:28 / All) BEAR_AND: ty
(03:52 / All) BEAR_AND: hahhahaah red
(03:55 / All) ZeHgStEaM: thank you
(03:57 / All) BEAR_AND: where are you from, ohio?
(05:02 / All) BEAR_AND: ty
(05:05 / All) BEAR_AND: goddamn moron
(05:27 / All) ZeHgStEaM: why dont you shut the fuck up stop trying to be cool and play the fucking game?
(05:31 / All) dirtmcwordup: lmfao
(05:36 / All) BEAR_AND: quit now you stupid asshole
(05:45 / All) ZeHgStEaM: lmfao indeed
(05:47 / All) ZeHgStEaM: owned by peasants
(05:57 / All) dirtmcwordup: lmfao gg
(06:30 / All) BEAR_AND: invisimort lmao
(06:52 / All) BEAR_AND: bats lmao
(06:55 / All) BEAR_AND: what are you doing
(11:14 / All) ZeHgStEaM: oh no you suicided two bats to kill to bats
(11:19 / All) BEAR_AND: ty for free exp
(11:38 / All) ZeHgStEaM: oh yeah im certain you got a lvl 10 right there
(11:40 / All) BEAR_AND: no micro morons
(15:37 / All) ZeHgStEaM: lol
(15:47 / All) ZeHgStEaM: thanks for the exp
(15:52 / All) BEAR_AND: hahahahaha
(23:25 / All) BEAR_AND: hahahhahahahahahh
(23:43 / All) BEAR_AND: hahahhahahahahahhahah
(25:24 / All) dirtmcwordup: lmfao
(29:57 / All) BEAR_AND: ty
(30:29 / All) BEAR_AND: cya
(30:40 / All) BEAR_AND: you may be the worst players we have ever played
(30:41 / All) BEAR_AND: hahahhahahaha
(30:51 / All) ZeHgStEaM: rofl yeah you can tell by how easily you are winning
(30:56 / All) ZeHgStEaM: oh wait, you are not winning
(30:58 / All) dirtmcwordup: i make 0 unit
(31:07 / All) BEAR_AND: this is easy as shit
(31:07 / All) ZeHgStEaM: WOW THSTA SO KEWLZ!!!!!!!!1!one
(31:10 / All) BEAR_AND: i am winning so hard
(31:12 / All) BEAR_AND: you have no idea
(32:08 / All) BEAR_AND: lmao
(32:46 / All) ZeHgStEaM: LOL?
(32:53 / All) ZeHgStEaM: you have quite a few towers right there
(32:59 / All) BEAR_AND: hahhhahahahha quit now
(33:05 / All) ZeHgStEaM: dont think so buddy
(33:16 / All) BEAR_AND: mmmm yes
(33:16 / All) ZeHgStEaM: really dont think so
(33:18 / All) ZeHgStEaM: im a patient guy
(33:24 / All) ZeHgStEaM: veeery patient
(33:26 / All) BEAR_AND: hahahha my longest game 17 hour
(34:06 / All) BEAR_AND: gagaghahahahhahahahahahha lol
(35:06 / All) BEAR_AND: hahahahahhahahah this game must be so embarrassing for you
(35:11 / All) BEAR_AND: end your pain, leave now
(35:22 / All) ZeHgStEaM: you seem quite desperate
(35:25 / All) BEAR_AND: are you serious?
(35:34 / All) BEAR_AND: projecting your deepest emotions?
(35:34 / All) ZeHgStEaM: like omg leave now i dont wanna wait forever
(36:18 / All) BEAR_AND: hahahahahahah lmao
(36:38 / All) ZeHgStEaM: rofl is that the only way you know how to play? ROFL
(36:42 / All) BEAR_AND: winning? yes
(36:53 / All) ZeHgStEaM: lol had to be
(37:01 / All) dirtmcwordup: didnt you tower and mass bats.
(37:09 / All) ZeHgStEaM: i didnt mass towers
(37:20 / All) I-Hunt-Blademas: niether
(37:20 / All) BEAR_AND: maybe you should have ahahahahahhahah blam
(37:24 / All) dirtmcwordup: thats why you lose : - )
(37:29 / All) ZeHgStEaM: not really rofl
(37:31 / All) dirtmcwordup: a begoe noob
(37:33 / All) dirtmcwordup: begone***
(37:34 / All) ZeHgStEaM: this is just sad for you
(37:36 / All) ZeHgStEaM: i mean
(37:40 / All) ZeHgStEaM: you are gonna have to wait HOURS
(37:43 / All) BEAR_AND: kiss my lips hips & feet
(37:44 / All) BEAR_AND: then quit
(37:47 / All) BEAR_AND: are you joking
(37:51 / All) I-Hunt-Blademas: fuckit im going to the bars now
(38:49 / All) BEAR_AND: ty for letting us win with only heroes
(38:50 / All) BEAR_AND: thanks
(39:01 / All) dirtmcwordup: thank's
(39:21 / All) BEAR_AND: ty
(39:39 / All) BEAR_AND: quit now
(39:39 / All) BEAR_AND: thanks
(39:45 / All) I-Hunt-Blademas: thats ok
(39:47 / All) I-Hunt-Blademas: brb
(39:51 / All) dirtmcwordup: ok
(40:02 / All) ZeHgStEaM: rofl any1 of u guys wants to 1v1 me?
(40:06 / All) BEAR_AND: yes
(40:12 / All) ZeHgStEaM: k lets go then
(40:15 / All) BEAR_AND: i would destroy you this badly then too